 Dungeon Crawl Stone Soup version 0.31.0-32-g396128a36d (webtiles) character file.

Game seed: 11907179295019309822

58 Henri the Ruffian (level 4, 0/29 HPs)
             Began as an Octopode Shapeshifter on Apr 4, 2024.
             Slain by Terence
             ... wielding a +1 hand axe of flaming
              (5 damage)
             ... on level 2 of the Dungeon.
             The game lasted 00:02:31 (1713 turns).

Henri the Ruffian (Octopode Shapeshifter)           Turns: 1713, Time: 00:02:33

Health: 0/29       AC:  1    Str: 15    XL:     4   Next: 2%
Magic:  4/4        EV: 13    Int: 12    God:
Gold:   122        SH:  0    Dex: 11    Spells: 3/3 levels left

rFire   . .          .
                       - Unarmed
rCold   . . .        (no shield)
rNeg    . . .        (helmet currently unavailable)
rPois   .            (no amulet)
rElec   .            l - ring of resist corrosion
rCorr   +            (no ring)
SInv    .            (no ring)
Will    .....        (no ring)
Stlth   ++           (no ring)
HPRegen 0.24/turn    (no ring)
MPRegen 0.09/turn    (no ring)
                     (no ring)

%: no passive effects
@: beast-form
A: beast (slay +2), almost no armour, amphibious, 8 rings, camouflage 1,
gelatinous body 1, (nimble swimmer 1), tentacles
a: Begin Untransformation


You were on level 2 of the Dungeon.
You were a hulking beast.
You visited 1 branch of the dungeon, and saw 2 of its levels.

You collected 122 gold pieces.

Inventory:

Jewellery
 k - a ring of fire
 l - a ring of resist corrosion (left tentacle)
Talismans
 b - a beast talisman
 c - a flux talisman
 g - a serpent talisman
Scrolls
 e - a scroll of identify {unknown}
 n - a scroll of blinking {unknown}
 o - a scroll of enchant armour {unknown}
Potions
 a - a potion of lignification
 d - 2 potions of ambrosia {unknown}
 f - 2 potions of invisibility {unknown}
 h - a potion of curing {unknown}
 i - a potion of cancellation {unknown}
 j - a potion of haste {unknown}
 m - a potion of attraction {unknown}


   Skills:
 + Level 1.9 Fighting
 - Level 2.0 Dodging
 * Level 3.9 Unarmed Combat
 - Level 3.5 Shapeshifting


You had 3 spell levels left.
You didn't know any spells.
Your spell library contained the following spells:

 Spells                   Type           Power      Damage    Failure   Level
 Apportation              Tloc           0%         N/A       32%         1
 Necrotise                Necr           0%         1d4       32%         1
 Sting                    Conj/Alch      0%         1d3       32%         1
 Summon Small Mammal      Summ           0%         N/A       32%         1


Dungeon Overview and Level Annotations

Branches:
Dungeon (2/15)

Altars:

Annotations:
D:2 Terence


Innate Abilities, Weirdness & Mutations

You are a hulking beast.
Your limbs bulge with bestial killing power. (Slay +2)
You cannot wear most types of armour.
You are amphibious.
You can wear up to eight rings at the same time.
Your skin changes colour to match your surroundings (Stealth+).
Your rubbery body absorbs attacks. (AC +1, EV +1)
((You are camouflaged when in or above water. (Stealth+)))
You have tentacles for arms and can constrict up to eight enemies at once.


Message History

You open the door.
Found a stone staircase leading up.
You see here a +0 short sword.
You see here a +0 short sword.
Things that are here:
a +0 club; 4 stones; a kobold skeleton You open the door.
There is an open door here.
Terence the Incautious comes into view.
He is wielding a +1 hand axe of flaming.
Terence shouts!
Terence says, "Time to say good-bye..."
You tentacle-slap Terence but do no damage.
You grab Terence.
You constrict Terence, but do no damage.
Terence barely misses you.
You tentacle-slap Terence.
Terence is lightly wounded.
You constrict Terence.
Terence hits you with a +1 hand axe of flaming.
Terence burns you.
You tentacle-slap Terence but do no damage.
Terence is lightly wounded.
You constrict Terence, but do no damage.
Terence closely misses you.
You tentacle-slap Terence.
Terence is moderately wounded.
You constrict Terence.
Terence hits you with a +1 hand axe of flaming.
Terence burns you.
You tentacle-slap Terence.
Terence is severely wounded.
You constrict Terence. Terence barely misses you.
You tentacle-slap Terence.
Terence is almost dead.
You constrict Terence.
Terence hits you with a +1 hand axe of flaming!
* * * LOW HITPOINT WARNING * * *
Terence burns you.
You die...
Terence says, "Rest in peace."

..............
######.#.#.#.# #
#.#.#...# #.
#.#.##### #.
#.#...... ..
#.#..#### #.
#.#..#### #####.####
#.#...... ......@h.#
#.#.##### ......##.#
#.#...... ..... #.#
#.#..†.## .... #.###
#.'....'. ... #...#
###....## ## ###.#
######
#######.########
................ ...#
#######..############


You could see Terence.

Vanquished Creatures
  2 adders (D:2)
  A dart slug (D:2)
  A ribbon worm (D:2)
  2 bats
  2 giant cockroaches (D:1)
  5 goblins
  3 hobgoblins
  3 jackals (D:2)
  4 kobolds
  A quokka (D:1)
  4 ball pythons
  2 frilled lizards
  4 rats
34 creatures vanquished.

Notes
Turn   | Place    | Note
-------+----------+-------------------------------------------
     0 | D:1      | Henri the Octopode Shapeshifter began the quest for the
                  | Orb.
     0 | D:1      | Reached XP level 1. HP: 13/13 MP: 1/1
   440 | D:1      | Reached XP level 2. HP: 12/18 MP: 2/2
  1123 | D:2      | Reached XP level 3. HP: 21/23 MP: 3/3
  1535 | D:2      | Reached XP level 4. HP: 29/29 MP: 4/4
  1703 | D:2      | Noticed Terence
  1713 | D:2      | Slain by Terence

Illustrated notes

Levels and vault maps discovered:
D:1:      dpeg_arrival_tiny_a, layout_basic, dreamdust_wishing_well,
          amcnicky_mini_corridor_feature
D:2:      layout_basic, uniq_terence

Action                     |  1- 3 |  4- 6 || total
---------------------------+-------+-------++-------
  Melee: Unarmed           |    56 |     7 ||    63
         Constrict         |    13 |     1 ||    14
         Tentacles         |    14 |     1 ||    15
   Stab: Sleeping          |     4 |       ||     4
 Armour: Skin              |    20 |     3 ||    23
  Dodge: Dodged            |    34 |     3 ||    37
